 Dungeon Crawl Stone Soup version 0.30-a0-585-g93115170b9 (webtiles) character file.

Game seed: 7960046073636387632

23 Farfigtubin the Magician (level 2, -1/15 HPs)
             Began as a Tengu Hedge Wizard on Jan 1, 2023.
             Succumbed to an adder's poison
             ... on level 2 of the Dungeon.
             The game lasted 00:06:29 (1162 turns).

Farfigtubin the Magician (Tengu Hedge Wizard)       Turns: 1162, Time: 00:06:29

Health: -1/15      AC:  2    Str: 10    XL:     2   Next: 95%
Magic:  3/7        EV: 12    Int: 14    God:
Gold:   132        SH:  0    Dex: 13    Spells: 5/8 levels left

rFire   . . .      SeeInvis .    a - +0 dagger
rCold   . . .      Faith    .    (no shield)
rNeg    . . .      Spirit   .    b - +0 robe
rPois   .          Reflect  .    c - +0 hat
rElec   .          Harm     .    (no cloak)
rCorr   .          Rampage  .    (no gloves)
Will    .....                    (boots unavailable)
Stlth   ++                       (no amulet)
HPRegen 0.22/turn                (no ring)
MPRegen 0.10/turn                (no ring)

@: lethally poisoned (-1 -> -8)
A: beak, talons 3
a: no special abilities


You were on level 2 of the Dungeon.
You visited 1 branch of the dungeon, and saw 2 of its levels.

You collected 132 gold pieces.

Inventory:

Hand Weapons
 a - a +0 dagger (weapon)
Armour
 b - a +0 robe (worn)
 c - a +0 hat (worn)
Scrolls
 h - a scroll of teleportation {unknown}
 i - a scroll of identify {unknown}
 j - 2 scrolls of amnesia {unknown}
Potions
 d - a potion of magic
 e - a potion of lignification {unknown}
 f - a potion of curing {unknown}
 g - a potion of haste {unknown}
 k - a potion of degeneration {unknown}
 l - a potion of berserk rage {unknown}


   Skills:
 + Level 2.2 Dodging
 + Level 2.2 Stealth
 + Level 3.6 Spellcasting
 + Level 1.7 Conjurations
 + Level 1.2 Summonings
 + Level 0.7 Translocations


You had 5 spell levels left.
You knew the following spells:

 Your Spells              Type           Power      Damage    Failure   Level
a - Magic Dart            Conj           28%        1d4       10%         1
b - Call Imp              Summ           6%         N/A       19%         2

Your spell library contained the following spells:

 Spells                   Type           Power      Damage    Failure   Level
 Slow                     Hex            8%         N/A       21%         1
 Blink                    Tloc           8%         N/A       22%         2
 Cigotuvi's Dreadful Rot  Necr/Pois/Air  4%         N/A       30%         2
 Ensorcelled Hibernation  Hex/Ice        4%         N/A       30%         2
 Mephitic Cloud           Conj/Pois/Air  4%         N/A       43%         3
 Spider Form              Tmut/Pois      2%         N/A       52%         3
 Anguish                  Hex/Necr       1%         N/A       89%         4


Dungeon Overview and Level Annotations

Branches:
Dungeon (2/15)

Altars:


Innate Abilities, Weirdness & Mutations

You have a beak for a mouth.
You have claws for feet.


Message History

The magic dart hits the goblin.
The goblin is heavily wounded.
The goblin shouts!
The adder hisses angrily.
The kobold shouts!
Your white imp barely misses the goblin.
The goblin barely misses your white imp.
Aiming: Magic Dart (safe; 11% risk of failure)
Press: ? - help, Q - select action, (/) - cycle Shift-Dir - straight line, f/p - goblin
Aim: a goblin, wielding a +0 club (heavily wounded, ally target, 100% to hit)
The magic dart hits the goblin.
You kill the goblin!
Aiming: Magic Dart (safe; 11% risk of failure)
Press: ? - help, Q - select action, (/) - cycle Shift-Dir - straight line, f - adder
Aim: an adder (100% to hit)
You miscast Magic Dart.
You are very lightly contaminated with residual magic.
Nothing appears to happen.
Your white imp barely misses the kobold.
The kobold hits your white imp but does no damage.
Your white imp closely misses the kobold.
The kobold barely misses your white imp.
Your white imp hits the kobold but does no damage.
The adder barely misses you. The adder attacks as you move away!
The adder closely misses you.
The kobold hits your white imp but does no damage.
Your white imp hits the kobold.
The kobold dies!
The adder attacks as you move away! The adder bites you. x2
You are poisoned.
The adder poisons you!
Your magical contamination has completely faded away.
The adder attacks as you move away! The adder bites you.
You feel sick.
You feel sick.
You feel sick. The adder bites you.
You feel sick. The adder attacks as you move away! The adder bites you.
* * * LOW HITPOINT WARNING * * *
You are more poisoned.
The adder poisons you!
You die...

#.## #ยง# #.#
########.#
#........#
#.######## ##.##
#######...######
#@..............
#.#####...#####.
#S# ##.## #.#
#.# #.# #.# #.#
#.# #. #.#
###... #5#
###[... #
#.####...####.#


You could see an adder (ally target) and a friendly white imp (summoned).

Vanquished Creatures
  A giant cockroach (D:1)
  A goblin (D:2)
  A hobgoblin (D:1)
  A ball python (D:1)
  A frilled lizard (D:2)
  2 kobolds (D:1)
  9 rats
16 creatures vanquished.

Vanquished Creatures (collateral kills)
  An adder (D:2)
  A kobold (D:2)
2 creatures vanquished.

Grand Total: 18 creatures vanquished

Notes
Turn   | Place    | Note
-------+----------+-------------------------------------------
     0 | D:1      | Farfigtubin the Tengu Hedge Wizard began the quest for the
                  | Orb.
     0 | D:1      | Reached XP level 1. HP: 10/10 MP: 5/5
   440 | D:1      | Reached XP level 2. HP: 15/15 MP: 5/7
  1001 | D:1      | Learned a level 2 spell: Call Imp
  1162 | D:2      | Succumbed to an adder's poison

Illustrated notes

Levels and vault maps discovered:
D:1:      lightli_arrival_isolated_outpost, layout_basic,
          dreamdust_princess_corridor, minmay_rat_gold_closets
D:2:      minmay_skewed_foursquare, layout_loops_ring, eino_curves_03,
          minmay_misc_feat_enclosed

Action                   || total
-------------------------++-------
Melee: Dagger            ||     7
       Kick              ||     2
       Peck              ||     1
 Cast: Magic Dart        ||    28
       Call Imp          ||     2
Armor: Robe              ||     1
Dodge: Dodged            ||    10

Table legend: (Time is in decaauts)
 A = Elapsed time spent in this place.
 B = Non-inter-level travel time spent in this place.
 C = Inter-level travel time spent in this place.
 D = Time resting spent in this place.
 E = Time spent auto-exploring this place.
 F = Levels seen in this place.
 G = Mean time per level.
                   A        B        C        D        E       F      G
               +--------+--------+--------+--------+--------+-----+--------+
         Total |   1167 |   1149 |     18 |     19 |    728 |   2 |  583.5 |
       Dungeon |   1167 |   1149 |     18 |     19 |    728 |   2 |  583.5 |
               +--------+--------+--------+--------+--------+-----+--------+

Top non-repeatable levels by time:
     D:1: 1024 daAuts
     D:2: 142 daAuts
